 Dungeon Crawl Stone Soup version 0.30-a0-2-gf48d83f5e2 (webtiles) character file.

Game seed: 5525337166559397342

64 kae the Firebug (level 3, -2/20 HPs)
             Began as a Deep Elf Fire Elementalist on Aug 19, 2022.
             Slain by an ogre
             ... wielding a +0 giant club
              (22 damage)
             ... on level 3 of the Dungeon.
             The game lasted 00:01:41 (2513 turns).

kae the Firebug (Deep Elf Fire Elementalist)        Turns: 2513, Time: 00:01:42

Health: -2/20      AC:  3    Str:  5    XL:     3   Next: 91%
Magic:  8/9        EV: 13    Int: 21    God:
Gold:   59         SH:  0    Dex: 15    Spells: 5/8 levels left

rFire   . . .      SeeInvis .    d - +0 hand axe
rCold   . . .      Faith    .    (no shield)
rNeg    . . .      Spirit   .    a - +1 robe
rPois   .          Reflect  .    (no helmet)
rElec   .          Harm     .    (no cloak)
rCorr   .          Rampage  .    (no gloves)
Will    .....                    (no boots)
Stlth   ++........               (no amulet)
HPRegen 0.06/turn                (no ring)
MPRegen 0.11/turn                (no ring)

@: no status effects
A: no striking features
a: no special abilities


You were on level 3 of the Dungeon.
You visited 1 branch of the dungeon, and saw 3 of its levels.

You collected 59 gold pieces.


   Skills:
 + Level 0.9 Fighting
 + Level 3.0 Dodging
 - Level 2.4 Stealth
 + Level 3.4 Spellcasting
 * Level 2.3 Conjurations
 * Level 4.0 Fire Magic


You had 5 spell levels left.
You knew the following spells:

 Your Spells              Type           Power      Damage    Failure   Level
a - Foxfire               Conj/Fire      64%        2x1d7     3%          1
b - Scorch                Fire           40%        2d7       3%          2

Your spell library contained the following spells:

 Spells                   Type           Power      Damage    Failure   Level
 Conjure Flame            Conj/Fire      16%        6-21      11%         3
 Inner Flame              Hex/Fire       12%        N/A       17%         3
 Blink                    Tloc           6%         N/A       19%         2
 Dazzling Flash           Conj/Hex       16%        N/A       24%         3
 Flame Wave               Conj/Fire      16%        2d7       34%         4
 Lesser Beckoning         Tloc           3%         N/A       36%         3
 Summon Lightning Spire   Summ/Air       3%         N/A       77%         4
 Agony                    Necr           3%         N/A       98%         5
 Manifold Assault         Tloc           3%         N/A       98%         5
 Silence                  Hex/Air        1%         N/A       98%         5
 Storm Form               Tmut/Air       1%         N/A       100%        7
 Maxwell's Capacitive Co  Air            1%         ∞         100%        8

Inventory:

Hand Weapons
 d - a +0 hand axe (weapon)
   (You found it on level 1 of the Dungeon)
Missiles
 c - 5 boomerangs
 f - 9 stones
Armour
 a - a +1 robe (worn)
Jewellery
 R - a ring of resist corrosion
   (You took it off a goblin on level 2 of the Dungeon)
Scrolls
 e - 2 scrolls of teleportation {@r4}
Potions
 b - a potion of magic
 g - a potion of lignification {!q}
 h - 2 potions of resistance {unknown}

Dungeon Overview and Level Annotations

Branches:
Dungeon (3/15) Zot: 15487

Altars:
Trog

Shops:
D:3

([:
#.##...###.#.#...##..........
#..........#.#...##.##.......
#####..##....................
#§###.....#+#.#..........
#.....##..#.#.♣###.......
#.##.............$.......
#...........#♣∩♣##.......
########..#.###.O..#..# ........
#...∩..........@J<.#.♣##........
####..###.....#.##.#. #........
##.#...#...#....#. #.######.
#.#............#. ..
#.........#.##.#. ##
###.###..##.##.#. ### ##.#.....#
#.#####..... ### ###.


You could see an ogre and an endoplasm.


Message History

The foxfire hits the jackal but does no damage. 😎 MP[-1]
You lost 1 mp, and now have 8/9 mp.
Casting: Foxfire (safe; 3% risk of failure)
Confirm with . or Enter, or press ? or * to list all spells.
You conjure some foxfire!
A jackal comes into view.
The foxfire hits the jackal.
You kill the jackal!
The foxfire hits the jackal.
Your Dodging skill increases to level 3! 😎 MP[-1]
You lost 1 mp, and now have 7/9 mp.
There are monsters nearby!
Casting: Foxfire (safe; 3% risk of failure)
Confirm with . or Enter, or press ? or * to list all spells.
You conjure some foxfire!
The foxfire hits the jackal.
You kill the jackal!
The foxfire hits the jackal.
You kill the jackal!
A jackal comes into view. 😎 MP[-1]
You lost 1 mp, and now have 6/9 mp.
A jackal is nearby!
Casting: Foxfire (safe; 3% risk of failure)
Confirm with . or Enter, or press ? or * to list all spells.
You miscast Foxfire.
You are very lightly contaminated with residual magic.
Nothing appears to happen. 😎 MP[-1]
You lost 1 mp, and now have 5/9 mp.
Casting: Foxfire (safe; 3% risk of failure)
Confirm with . or Enter, or press ? or * to list all spells.
You conjure some foxfire!
The foxfire hits the jackal but does no damage.
The foxfire hits the jackal.
A jackal is nearby!
A jackal is nearby!
Casting: Foxfire (safe; 3% risk of failure)
Confirm with . or Enter, or press ? or * to list all spells.
You conjure some foxfire!
The jackal closely misses you. The jackal bites you.
The foxfire hits the jackal.
You kill the jackal! 😕 HP[-1] MP[-1]
You take 1 damage, and now have 19/20 hp.
You lost 1 mp, and now have 4/9 mp.
Your magical contamination has completely faded away.
Casting: Foxfire (safe; 3% risk of failure)
Confirm with . or Enter, or press ? or * to list all spells.
You conjure some foxfire! 😕 MP[-1]
You lost 1 mp, and now have 3/9 mp.
Found Konaixka's Antique Armour Shoppe.
Found a stone staircase leading up. 😎 HP[+1] MP[+4]
Your hp is fully restored (20).
You regained 4 mp, and now have 7/9 mp.
Found Radafut's Book Shoppe.
Found a stone staircase leading down. 😎 MP[+2]
Your mp is fully restored (9).
h - 2 coppery potions
There is a stone staircase leading up here.
There is an entrance to Konaixka's Antique Armour Shoppe here.
You can access your shopping list by pressing '$'.
There is a dry fountain here.
There is an entrance to Radafut's Book Shoppe here.
Search for what [? for help]? fire You can access your shopping list by pressing '$'.
An endoplasm comes into view.
An endoplasm is nearby!
An endoplasm is nearby!
An endoplasm is nearby!
You see here 11 gold pieces.
Casting: Foxfire (safe; 3% risk of failure)
Confirm with . or Enter, or press ? or * to list all spells.
You conjure some foxfire!
The ogre shouts!
The endoplasm quivers.
The foxfire hits the ogre but does no damage.
The foxfire hits the ogre. 😎 MP[-1]
You lost 1 mp, and now have 8/9 mp.
Casting: Foxfire (safe; 3% risk of failure)
Confirm with . or Enter, or press ? or * to list all spells.
You conjure some foxfire!
The foxfire hits the ogre. x2 😎 MP[-1]
You lost 1 mp, and now have 7/9 mp.
You see here 11 gold pieces.
The ogre attacks as you move away! The ogre misses you.
The endoplasm attacks as you move away! The endoplasm misses you. 😎 MP[+1]
The endoplasm attacks as you move away! The endoplasm misses you.
The endoplasm hits you but does no damage.
There is a stone staircase leading up here.
The endoplasm closely misses you. The ogre attacks as you move away!
The ogre hits you with a +0 giant club!!
Ouch! That really hurt!
You die...

Skill      XL: |  1  2  3 |
---------------+----------+-----
Conjurations   | 2 |  2.3
Fire Magic     | 4 |  4.0
Dodging        | 3 |  3.0
Fighting       | |  0.9
Stealth        | |  2.4
Spellcasting   | |  3.4

Action                   || total
-------------------------++-------
Melee: Hand axe          ||     2
 Cast: Foxfire           ||    62
       Scorch            ||     5
  Use: Scroll            ||     5
       Potion            ||     1
Armor: Robe              ||     5
Dodge: Dodged            ||    12

Levels and vault maps discovered:
D:1:      minmay_arrival_pointy, layout_loops_corners, basic_ecumenical_altar
D:2:      layout_basic, basic_altar
D:3:      cheibrodos_old_hovel, layout_basic, serial_shops,
          nicolae_shop_hallway_plus, nicolae_shop_waterfront,
          nicolae_shop_temple_entry_statues_fountains, nicolae_shop_trees, shop,
          chequers_serial_rivers_micro_a

Notes
Turn   | Place    | Note
-------+----------+-------------------------------------------
     0 | D:1      | kae the Deep Elf Fire Elementalist began the quest for the
                  | Orb.
     0 | D:1      | Reached XP level 1. HP: 10/10 MP: 6/6
     0 | D:1      | magus.rc [v1.11.3]
    29 | D:1      | You pick up a book of the Sky and begin reading...
    29 | D:1      | You add the spells Summon Lightning Spire, Storm Form and
                  | Maxwell's Capacitive Coupling to your library.
   282 | D:1      | Found a faded altar of an unknown god.
   443 | D:1      | Reached XP level 2. HP: 15/15 MP: 5/8
   452 | D:1      | Learned a level 2 spell: Scorch
   925 | D:1      | You pick up a book of the Senses and begin reading...
   925 | D:1      | You add the spells Dazzling Flash, Agony and Silence to
                  | your library.
  1328 | D:2      | HP: 4/16 [poisoned by an adder]
  1331 | D:2      | HP: 1/16 [poisoned by an adder]
  1654 | D:2      | HP: 3/16 [poisoned by an adder]
  1655 | D:2      | Reached skill level 2 in Conjurations
  1655 | D:2      | Reached XP level 3. HP: 4/20 MP: 1/9
  1884 | D:2      | Found a bloodstained altar of Trog.
  1900 | D:2      | Reached skill level 4 in Fire Magic
  2304 | D:3      | Noticed an ogre
  2360 | D:3      | You pick up a book of Spatial Translocations and begin
                  | reading...
  2360 | D:3      | You add the spells Blink, Lesser Beckoning and Manifold
                  | Assault to your library.
  2371 | D:3      | Found Addoeteo's Antique Weapon Boutique.
  2412 | D:3      | Reached skill level 3 in Dodging
  2457 | D:3      | Found Konaixka's Antique Armour Shoppe.
  2459 | D:3      | Found Radafut's Book Shoppe.
  2513 | D:3      | Slain by an ogre

Vanquished Creatures
  3 adders (D:2)
  A worm (D:2)
  A dart slug (D:2)
  A ball python (D:2)
  2 endoplasms
  A giant cockroach (D:2)
  A goblin (D:2)
  A hobgoblin (D:1)
  6 jackals
  8 bats
  2 frilled lizards
  4 rats
31 creatures vanquished.

Vanquished Creatures (others)
  101 foxfires
101 creatures vanquished.

Grand Total: 132 creatures vanquished

Table legend:
 A = Non-vault XP
 B = Vault XP
 C = Vault XP percentage of total XP
 D = Non-vault monster count
 E = Vault monster count
 F = Vault count percentage of total count
                 A         B        C        D         E       F
            +---------+---------+-------+---------+---------+-------
      Total |      91 |       1 |   1.1 |      30 |       1 |   3.2
            +---------+---------+-------+---------+---------+-------
        D:1 |      21 |       0 |   0.0 |      14 |       0 |   0.0
        D:2 |      62 |       0 |   0.0 |      12 |       0 |   0.0
        D:3 |       8 |       1 |  11.1 |       4 |       1 |  20.0
            +---------+---------+-------+---------+---------+-------

Illustrated notes

Table legend:
 A = Kills in this place as a percentage of kills in entire the game.
 B = Kills by you in this place as a percentage of kills by you in the entire game.
 C = Kills by friends in this place as a percentage of kills by friends in the entire game.
 D = Other kills in this place as a percentage of other kills in the entire game.
 E = Experience gained in this place as a percentage of experience gained in the entire game.
 F = Experience gained in this place divided by the number of levels of this place that you have seen.
                   A       B       C       D       E      F
               +-------+-------+-------+-------+-------+----------------------
         Total | 100.0 | 100.0 |   N/A |   N/A | 100.0 |  30.7
       Dungeon | 100.0 | 100.0 |   N/A |   N/A | 100.0 |  30.7
               +-------+-------+-------+-------+-------+----------------------

Table legend: (Time is in decaauts)
 A = Elapsed time spent in this place.
 B = Non-inter-level travel time spent in this place.
 C = Inter-level travel time spent in this place.
 D = Time resting spent in this place.
 E = Time spent auto-exploring this place.
 F = Levels seen in this place.
 G = Mean time per level.
                   A        B        C        D        E       F      G
               +--------+--------+--------+--------+--------+-----+--------+
         Total |   2512 |   2397 |    115 |    100 |   2030 |   3 |  837.3 |
       Dungeon |   2512 |   2397 |    115 |    100 |   2030 |   3 |  837.3 |
               +--------+--------+--------+--------+--------+-----+--------+

Top non-repeatable levels by time:
     D:2: 1270 daAuts
     D:1: 1080 daAuts
     D:3: 161 daAuts
